 Dungeon Crawl Stone Soup version 0.19-a0-829-g23a5e41 (webtiles) character file.

400846 Etesian the Phalangite (level 23, -17/194 HPs)
             Began as a Merfolk Monk on June 30, 2016.
             Was the Champion of Okawaru.
             Demolished by a deep troll (19 damage)
             ... on level 4 of the Depths.
             The game lasted 03:11:47 (47895 turns).

Etesian the Phalangite (Merfolk Monk)              Turns: 47895, Time: 03:11:47

Health: -17/194    AC: 31    Str: 18    XL:     23   Next: 30%
Magic:  31/31      EV: 23    Int: 14    God:    Okawaru [******]
Gold:   4467       SH:  0    Dex: 21    Spells: 4 memorised, 15 levels left

rFire  + + +     SeeInvis +     b - +9 glaive "Giantslayer" {chop, rF+ rC+ MR+ SInv}
rCold  . . .     Gourm    .     X - +9 chain mail of Daffodils {rElec Regen+ Int+2}
rNeg   + . .     Faith    .     (shield currently unavailable)
rPois  .         Spirit   .     j - +3 hat "Ifiecy" {rN+ MR+}
rElec  +         Dismiss  .     S - +0 cloak {MR+}
rCorr  .         Reflect  .     g - +0 pair of gloves
SustAt .         Harm     .     y - +2 pair of boots
MR     ++++.                    h - amulet of regeneration
Stlth  ..........               O - ring of protection from fire
                                f - ring of fire

@: about to teleport, incredibly resistant to hostile enchantments, extremely
unstealthy
A: change form in water, swift swim, claws 1, thin skeletal structure 1, clever
1
a: Heroism, Finesse, Renounce Religion
}: 2/15 runes: barnacled, gossamer


You were on level 4 of the Depths.
You worshipped Okawaru.
Okawaru was exalted by your worship.
You were not hungry.

You visited 8 branches of the dungeon, and saw 41 of its levels.
You also visited: Ice Cave.

You collected 4863 gold pieces.
You spent 396 gold pieces at shops.

Inventory:

Hand Weapons
 a - a +3 demon trident of freezing
 b - the +9 glaive "Giantslayer" (weapon) {chop, rF+ rC+ MR+ SInv}
   (Okawaru gifted it to you on level 10 of the Dungeon)

   It inflicts extra damage upon your enemies.
   It protects you from fire.
   It protects you from cold.
   It affects your resistance to hostile enchantments.
   It lets you see invisible.
Missiles
 N - 6 throwing nets (quivered)
Armour
 g - a +0 pair of gloves (worn)
 j - the +3 hat "Ifiecy" (worn) {rN+ MR+}
   (You acquired it on level 2 of the Depths)

   It protects you from negative energy.
   It affects your resistance to hostile enchantments.
 y - a +2 pair of boots (worn)
 B - the +1 ice dragon armour "Osamaete" {rPois rF- rC++}
   (You found it in an ice cave)

   It makes you vulnerable to fire.
   It greatly protects you from cold.
   It protects you from poison.
 Q - the +2 shield of Omission {rPois rN+ MR+ Str-4}
   (Okawaru gifted it to you on level 5 of the Lair of Beasts)

   It affects your strength (-4).
   It protects you from poison.
   It protects you from negative energy.
   It affects your resistance to hostile enchantments.
 S - a +0 cloak of magic resistance (worn)
 X - the +9 chain mail of Daffodils (worn) {rElec Regen+ Int+2}
   (You found it on level 2 of the Spider Nest)

   It affects your intelligence (+2).
   It insulates you from electricity.
   It increases your rate of regeneration.
Jewellery
 f - a ring of fire (left hand)
 h - an amulet of regeneration (around neck)
 L - an uncursed ring of positive energy
 M - an uncursed ring of protection from cold
 O - a ring of protection from fire (right hand)
 U - an uncursed ring of protection from magic
Wands
 k - a wand of hasting (4/9)
 u - a wand of digging (16/24)
 I - a wand of heal wounds (9/9)
 P - a wand of acid (8/15)
 Z - a wand of teleportation (2/9)
Scrolls
 n - 14 scrolls of remove curse
 t - 9 scrolls of enchant armour
 w - 7 scrolls of fear
 A - 3 scrolls of magic mapping
 C - 4 scrolls of holy word
 E - 9 scrolls of identify
 F - 5 scrolls of fog
 J - 7 scrolls of teleportation
 K - 7 scrolls of enchant weapon
 W - 5 scrolls of recharging
Potions
 d - 3 potions of flight
 e - 3 potions of invisibility
 l - 3 potions of agility
 m - 2 potions of cure mutation
 o - 2 potions of heal wounds
 p - 2 potions of resistance
 q - 11 potions of curing
 r - 2 potions of magic
 D - a potion of cancellation
 H - 5 potions of haste
 T - a potion of might
 V - 3 potions of berserk rage
Miscellaneous
 R - a phial of floods
 Y - a sack of spiders
Comestibles
 c - 18 bread rations
 i - 13 beef jerkies
 s - 7 royal jellies
 v - 28 fruits
 x - 21 chunks of flesh
 z - 5 slices of pizza
 G - 10 meat rations


   Skills:
 * Level 19.4 Fighting
 - Level 26.1 Polearms
 + Level 13.2 Armour
 * Level 22.3 Dodging
 - Level 2.1 Stealth
 - Level 15.1 Shields
 - Level 10.7 Invocations


You had 15 spell levels left.
You knew the following spells:

 Your Spells              Type           Power        Failure   Level  Hunger
a - Swiftness             Chrm/Air       #.......     100%        2    ###....
d - Shroud of Golubria    Chrm/Tloc      #.........   100%        2    ###....
e - Blink                 Tloc           N/A          100%        2    ###....
f - Apportation           Tloc           #.........   99%         1    ##.....


Dungeon Overview and Level Annotations

Branches:
Dungeon (15/15)            Temple (1/1) D:6            Lair (6/6) D:8
 Shoals (4/4) Lair:2       Spider (4/4) Lair:2        Slime (0/5) Lair:6
    Orc (2/2) D:10            Elf (0/3) Orc:2        Vaults (5/5) D:14
  Crypt (0/3) Vaults:3     Depths (4/5) D:15

Altars:
Ashenzari
Cheibriados
Dithmenos
Elyvilon
Fedhas
Gozag
Hepliaklqana
Kikubaaqudgha
Makhleb
Nemelex Xobeh
Okawaru
Pakellas
Qazlal
Ru
Sif Muna
Trog
Uskayaw
Vehumet
Xom
Yredelemnul
Zin
The Shining One
Beogh

Shops:
Orc:2 !([:   Vaults:3 [

Portals:
Hell: Depths:1 Depths:2 Depths:3
Pandemonium: Depths:3
Ziggurat: Depths:1
Trove: Depths:4 (give 6 scrolls of blinking)

Annotations:
Spider:3 exclusion: Roxanne, Roxanne


Innate Abilities, Weirdness & Mutations

You revert to your normal form in water.
You are very nimble and swift while swimming.
You have sharp fingernails.
You have a somewhat thin skeletal structure. (Dex +2, Stealth)
Your mind is acute. (Int +2)


Message History

The deep troll completely misses you. x3
The deep troll claws you but does no damage.
The deep troll completely misses you. The deep troll misses you.
The deep troll claws you but does no damage.
The deep troll barely misses you.
You take 8 damage, and have 20/194 hp.
You slice the deep troll!!
The deep troll is heavily wounded.
The deep troll bites you!
* * * LOW HITPOINT WARNING * * *
The deep troll completely misses you. The deep troll misses you.
The deep troll bites you but does no damage.
The deep troll closely misses you. The deep troll claws you.
* * * LOW HITPOINT WARNING * * *
You take 17 damage, and have 3/194 hp.
You feel much better. The deep troll completely misses you.
The deep troll misses you. The deep troll claws you!!
* * * LOW HITPOINT WARNING * * *
The deep troll bites you!!
You die...

. #....#....#
...#....# ..
#....#....#....#...##
..
#.........#....#..##
#########.#.#######
#.........#.
#....#....#
##...#....#
##..#....# ####.@T.#
##.T†# ##..# #..#
#..# #..# #..# #..#
#..#


You could see 2 deep trolls.

Vanquished Creatures
  A juggernaut (Depths:4)
  Xtahua (Depths:3)
  3 golden dragons (Depths:4)
  3 liches
  Rupert (D:12)
  A titan (Depths:4)
  A quicksilver dragon (Depths:4)
  An Ice Fiend (IceCv)
  A kraken (Shoals:1)
  The ghost of Etesian the Brawler, an adept TrFi of Uskayaw (Lair:3)
  Kirke (Lair:6)
  3 sphinxes
  Agnes (Spider:2)
  3 shadow dragons
  A large abomination (Depths:4)
  A storm dragon (Vaults:3)
  10 fire giants
  9 tengu reavers
  5 frost giants
  An orc warlord (Orc:1)
  4 ghost moths (Spider:4)
  Ilsuiw (Shoals:4)
  2 emperor scorpions
  9 vault wardens
  A curse skull (Vaults:3)
  A ghoul (Vaults:3)
  A deep elf elementalist (Depths:4)
  A cacodemon (Depths:3)
  Louise (Spider:3)
  11 stone giants
  3 spriggan defenders
  14 very ugly things
  8 ironheart preservers
  5 entropy weavers
  2 vampire knights (Depths:4)
  The ghost of zervinho the Warrior, a journeyman MiFi of Trog (D:13)
  4 dire elephants (Lair:6)
  8 spark wasps
  Snorg (D:12)
  Erolcha (D:8)
  A deep elf death mage (Depths:4)
  5 merfolk javelineers
  10 fire dragons
  7 ettins
  11 merfolk impalers
  5 great orbs of eyes
  3 jiangshi (Depths:4)
  15 ogre magi
  Josephine (D:13)
  6 vault guards
  12 yaktaur captains
  5 ice dragons
  A quicksilver dragon skeleton (Depths:2)
  3 hydras
  3 spriggan air magi
  A ghost crab (shapeshifter) (Vaults:4)
  Erica (D:8)
  5 death knights
  An anaconda (Lair:6)
  14 centaur warriors
  2 merfolk avatars (Shoals:1)
  7 merfolk aquamancers
  A queen ant (Lair:4)
  A vampire mage (Depths:4)
  2 satyrs (Shoals:4)
  7 deep troll earth magi
  10 death yaks
  6 tengu warriors
  14 deep troll shamans
  An orc high priest (Orc:2)
  Urug (D:14)
  A spriggan berserker (Depths:4)
  4 deep elf knights
  Nergalle (Lair:3)
  A sun demon (Depths:3)
  An iron troll (Depths:4)
  Sonja (Lair:3)
  A fire crab (Vaults:3)
  A fire crab (shapeshifter) (Depths:3)
  4 skeletal warriors
  5 wizards
  13 sea snakes
  4 flayed ghosts
  4 deep elf archers
  15 deep trolls
  A gelid demonspawn (Depths:3)
  An unseen horror (Vaults:1)
  A giant orange brain (Vaults:2)
  19 harpies
  12 hell knights
  5 ironbrand convokers
  2 golden dragon skeletons
  9 orc knights
  Pikel (D:4)
  A tengu zombie (Vaults:4)
  8 hill giants
  2 phantasmal warriors
  11 orb spiders
  A mana viper (shapeshifter) (Depths:1)
  38 ugly things
  24 wolf spiders
  A stone giant zombie (Vaults:2)
  An orb spider (shapeshifter) (Vaults:1)
  2 oklob plants
  7 fauns
  6 necromancers
  A tengu skeleton (Vaults:4)
  A fire giant zombie (Depths:3)
  6 griffons
  7 orc sorcerers
  A sphinx skeleton (Depths:3)
  8 deep elf magi
  A cyclops (shapeshifter) (Depths:3)
  2 stone giant skeletons
  24 elephants
  A salamander (shapeshifter) (Vaults:1)
  An octopode (shapeshifter) (Depths:4)
  10 manticores
  3 black mambas
  8 cyclopes
  8 hornets
  A fire giant skeleton (Depths:1)
  5 sirens
  A moth of wrath (Spider:4)
  2 human skeletons
  Psyche (D:8)
  6 centaur skeletons
  14 vault sentinels
  2 torpor snails
  2 gargoyles
  3 ice statues (IceCv)
  13 spiny frogs
  A water nymph (Shoals:2)
  The ghost of zervinho the Cleaver, an amateur MiCK of Xom (D:5)
  4 komodo dragons
  66 yaktaurs
  A yaktaur (shapeshifter) (Depths:2)
  A rime drake (Lair:2)
  2 efreet
  11 ice devils (IceCv)
  12 freezing wraiths
  A komodo dragon (shapeshifter) (D:15)
  7 demonic crawlers
  2 anaconda simulacra (IceCv)
  A hellwing (Depths:3)
  A golden dragon simulacrum (IceCv)
  A jumping spider (shapeshifter) (Vaults:3)
  A queen bee (D:8)
  8 trolls
  4 tengu conjurers
  30 merfolk
  19 jumping spiders
  21 slime creatures
  A wind drake (Shoals:2)
  26 two-headed ogres
  7 blink frogs
  An ettin zombie (Depths:1)
  10 snapping turtles
  7 boulder beetles
  49 redbacks
  4 spriggans
  29 tarantellas
  A deep troll skeleton (Depths:1)
  2 dire elephant simulacra (IceCv)
  An ettin skeleton (Depths:1)
  A ynoxinul (Depths:3)
  20 water elementals
  A vampire (D:12)
  37 yaks
  3 wyverns
  2 air elementals (Depths:3)
  3 basilisks
  5 hungry ghosts
  6 hogs
  7 wraiths
  5 hippogriffs
  Eustachio (D:4)
  2 steam dragons
  A spriggan simulacrum (Depths:2)
  A vampire mosquito (D:13)
  13 wargs
  2 iron troll simulacra (IceCv)
  4 mottled dragons
  2 hydra simulacra (IceCv)
  26 soldier ants
  10 water moccasins
  12 porcupines
  46 orc warriors
  3 ice beasts
  2 sky beasts
  A hornet simulacrum (D:15)
  A slave (D:3)
  2 black bears
  An ettin simulacrum (IceCv)
  2 phantoms
  8 wasps
  54 ogres
  An ogre (shapeshifter) (Vaults:4)
  9 boggarts (D:14)
  17 centaurs
  6 crocodiles
  17 big kobolds
  Blork the orc (D:4)
  9 giant frogs
  2 scorpions (D:10)
  2 human simulacra (Vaults:2)
  9 wights
  25 killer bees
  7 electric eels
  A howler monkey (D:11)
  4 giant frog zombies
  10 crimson imps
  3 centaur zombies
  A quasit (D:9)
  24 orc priests
  Crazy Yiuf (D:2)
  8 hounds
  5 jellies
  Jessica (D:2)
  10 iguanas
  45 orc wizards
  26 worker ants
  A killer bee zombie (D:6)
  14 sheep
  2 hound zombies (D:5)
  3 worker ant zombies
  7 adders
  57 river rats
  4 shadow imps
  2 adder skeletons
  An adder zombie (D:6)
  2 worms (D:2)
  2 dart slugs
  5 giant geckos
  113 orcs
  A ball python (D:1)
  9 giant cockroaches
  13 goblins
  6 hobgoblins
  7 jackals
  21 kobolds
  A quokka (D:7)
  4 bats
  A giant gecko skeleton (D:5)
  A giant gecko zombie (D:8)
  2 giant newts
  A jackal skeleton (D:8)
  5 rats
  A crawling corpse (Depths:4)
  5 plants
  7 tentacles (Shoals:1)
1790 creatures vanquished.

Vanquished Creatures (others)
  A flayed ghost (Depths:3)
  An ugly thing (Vaults:3)
  A slave (D:4)
  4 boggarts (Depths:3)
  An ogre (Vaults:1)
  2 orcs
  4 jackals (D:4)
  9 fungi (Lair:6)
  64 plants
  9 tentacles (Shoals:1)
  1167 tentacle segments (Shoals:1)
1263 creatures vanquished.

Grand Total: 3053 creatures vanquished

Notes
Turn   | Place    | Note
--------------------------------------------------------------
     0 | D:1      | Etesian the Merfolk Monk began the quest for the Orb.
     0 | D:1      | Reached XP level 1. HP: 18/18 MP: 1/1
   155 | D:1      | Reached XP level 2. HP: 14/24 MP: 2/2
   475 | D:1      | Gained mutation: Your mind is acute. (Int +2) [potion of mutation]
   475 | D:1      | Gained mutation: You have a somewhat thin skeletal structure. (Dex +2, Stealth) [potion of mutation]
   475 | D:1      | Gained mutation: You have sharp fingernails. [potion of mutation]
   518 | D:1      | Reached XP level 3. HP: 30/30 MP: 3/3
   603 | D:1      | Reached skill level 5 in Polearms
   918 | D:2      | Noticed Jessica
   926 | D:2      | Killed Jessica
   926 | D:2      | Reached skill level 1 in Shields
   926 | D:2      | Reached XP level 4. HP: 34/37 MP: 4/4
  1542 | D:2      | Found a runed door.
  1933 | D:3      | Reached skill level 5 in Dodging
  2014 | D:3      | Found a faded altar of an unknown god.
  2283 | D:3      | Reached XP level 5. HP: 43/43 MP: 5/5
  2929 | D:4      | Noticed Eustachio
  3034 | D:4      | Noticed Blork the orc
  3053 | D:4      | Killed Blork the orc
  3053 | D:4      | Reached skill level 6 in Polearms
  3085 | D:4      | Found a radiant altar of Vehumet.
  3125 | D:4      | Killed Eustachio
  3125 | D:4      | Reached skill level 7 in Polearms
  3125 | D:4      | Reached XP level 6. HP: 20/50 MP: 6/6
  3197 | D:4      | Noticed Pikel
  3197 | D:4      | Noticed a slave
  3197 | D:4      | Noticed a slave
  3309 | D:4      | Learned a level 1 spell: Apportation
  3312 | D:4      | Learned a level 2 spell: Blink
  3315 | D:4      | Learned a level 2 spell: Shroud of Golubria
  3715 | D:2      | Noticed Crazy Yiuf
  3722 | D:2      | Paralysed by Crazy Yiuf for 7 turns
  3731 | D:2      | HP: 2/50 [poisoned by Crazy Yiuf]
  3958 | D:2      | Killed Crazy Yiuf
  4236 | D:4      | Noticed a slave
  4237 | D:4      | Noticed a slave
  4275 | D:3      | Killed a slave
  4371 | D:4      | Killed Pikel
  4371 | D:4      | Reached skill level 5 in Fighting
  4371 | D:4      | Reached skill level 8 in Polearms
  4371 | D:4      | Reached XP level 7. HP: 22/56 MP: 7/7
  4602 | D:5      | Entered Level 5 of the Dungeon
  4622 | D:5      | Reached XP level 8. HP: 55/63 MP: 8/8
  4682 | D:5      | Reached skill level 9 in Polearms
  4771 | D:5      | Noticed zervinho's ghost (amateur MiCK)
  4819 | D:5      | Killed zervinho's ghost
  4989 | D:5      | Found a bloodstained altar of Trog.
  4989 | D:5      | Found a burning altar of Makhleb.
  5268 | D:6      | Reached skill level 10 in Polearms
  5505 | D:6      | Found a staircase to the Ecumenical Temple.
  5514 | Temple   | Entered the Ecumenical Temple
  5712 | Temple   | Became a worshipper of Warmaster Okawaru
  5712 | Temple   | Reached * piety under Okawaru
  5712 | Temple   | Reached ** piety under Okawaru
  5816 | D:6      | Reached XP level 9. HP: 70/71 MP: 9/9
  6296 | D:7      | Reached skill level 11 in Polearms
  6645 | D:7      | Reached skill level 1 in Armour
  6773 | D:8      | Noticed a queen bee
  6809 | D:8      | Noticed Erolcha
  6961 | D:8      | Noticed Psyche
  6968 | D:8      | Killed Psyche
  7117 | D:8      | Noticed Erica
  7133 | D:8      | Killed Erica
  7133 | D:8      | Reached *** piety under Okawaru
  7133 | D:8      | Reached skill level 12 in Polearms
  7133 | D:8      | Reached XP level 10. HP: 67/80 MP: 7/10
  7268 | D:8      | Found a staircase to the Lair.
  7305 | D:7      | Reached **** piety under Okawaru
  7325 | D:7      | Reached skill level 13 in Polearms
  7840 | D:8      | Found a runed door.
  7936 | D:8      | HP: 4/81 [poisoned by a killer bee]
  8130 | D:8      | Reached skill level 10 in Dodging
  8471 | D:8      | Reached ***** piety under Okawaru
  8648 | D:9      | Found an opulent altar of Gozag.
  9076 | D:9      | Got a bloodstained ring mail
  9087 | D:9      | Identified the +3 ring mail "Uwofitec" {MR+ MP-9 Dex+6 Slay+2} (You found it on level 9 of the Dungeon)
  9382 | D:10     | Entered Level 10 of the Dungeon
  9458 | D:10     | Reached skill level 14 in Polearms
  9458 | D:10     | Reached skill level 1 in Invocations
  9499 | D:10     | Received a gift from Okawaru
  9500 | D:10     | Got a polished glaive {god gift}
  9518 | D:10     | Identified the +9 glaive "Giantslayer" {chop, rF+ rC+ MR+ SInv} (Okawaru gifted it to you on level 10 of the Dungeon)
  9552 | D:10     | Reached XP level 11. HP: 83/87 MP: 3/12
  9613 | D:10     | Noticed a hill giant
  9623 | D:10     | Killed a hill giant
 10093 | D:10     | Found a staircase to the Orcish Mines.
 10525 | Lair:1   | Entered Level 1 of the Lair of Beasts
 10677 | Lair:1   | Received a gift from Okawaru
 10712 | Lair:1   | Reached skill level 5 in Invocations
 10715 | Lair:1   | Reached skill level 15 in Polearms
 10820 | Lair:1   | Noticed an oklob plant
 11233 | Lair:1   | Found a shimmering altar of Xom.
 11243 | Lair:1   | Killed an oklob plant
 11408 | Lair:2   | Noticed a death yak
 11408 | Lair:2   | Noticed a death yak
 11408 | Lair:2   | Noticed a death yak
 11411 | Lair:2   | Noticed a death yak
 11411 | Lair:2   | Noticed a death yak
 11425 | Lair:1   | Killed a death yak
 11530 | D:8      | Killed a death yak
 11530 | D:8      | Reached XP level 12. HP: 69/97 MP: 7/16
 11602 | D:8      | Killed a death yak
 11686 | D:8      | Killed a death yak
 11723 | Lair:1   | Killed a death yak
 11853 | Lair:2   | Reached skill level 16 in Polearms
 11969 | Lair:2   | Reached skill level 10 in Fighting
 12014 | Lair:2   | Reached skill level 5 in Armour
 12056 | Lair:2   | Found a hole to the Spider Nest.
 12137 | Lair:2   | Reached ****** piety under Okawaru
 12141 | Lair:2   | Received a gift from Okawaru
 12407 | D:8      | Killed Erolcha
 12658 | D:8      | Found a roughly hewn altar of Beogh.
 12826 | Lair:2   | Found a staircase to the Shoals.
 13005 | Lair:3   | Noticed Etesian's ghost (adept TrFi)
 13113 | Lair:3   | Noticed Sonja
 13124 | Lair:3   | Killed Sonja
 13145 | Lair:3   | Identified the cursed +1 quarterstaff of the Eel {crush, rN++ Stlth+} (You found it on level 3 of the Lair of Beasts)
 13204 | Lair:3   | Noticed Nergalle
 13212 | Lair:3   | Killed Nergalle
 13352 | Lair:3   | Reached XP level 13. HP: 104/104 MP: 10/19
 13357 | Lair:3   | Reached skill level 17 in Polearms
 13925 | Lair:3   | Killed Etesian's ghost
 14314 | Lair:4   | Received a gift from Okawaru
 14345 | Lair:4   | Identified a scroll of acquirement
 14978 | Lair:5   | Noticed an entropy weaver
 15000 | Lair:5   | Reached skill level 10 in Invocations
 15002 | Lair:5   | Noticed an entropy weaver
 15088 | Lair:5   | Killed an entropy weaver
 15144 | Lair:5   | Killed an entropy weaver
 15144 | Lair:5   | Reached skill level 18 in Polearms
 15878 | Lair:6   | Entered Level 6 of the Lair of Beasts
 15878 | Lair:6   | Found a staircase to the Slime Pits.
 15982 | Lair:6   | Noticed Kirke
 16044 | Lair:6   | Killed Kirke
 16044 | Lair:6   | Received a gift from Okawaru
 16044 | Lair:6   | Reached XP level 14. HP: 106/113 MP: 5/22
 16045 | Lair:6   | Got a slimy bardiche {god gift}
 16053 | Lair:6   | Identified the +1 bardiche of Vengeance {speed, rElec Int+5 Dex-5} (Okawaru gifted it to you on level 6 of the Lair of Beasts)
 16692 | Lair:5   | Reached skill level 19 in Polearms
 16707 | Lair:5   | Received a gift from Okawaru
 16719 | Lair:5   | Got a scorched shield {god gift}
 16730 | Lair:5   | Identified the +2 shield of Omission {rPois rN+ MR+ Str-4} (Okawaru gifted it to you on level 5 of the Lair of Beasts)
 17431 | Lair:6   | Noticed a dire elephant
 17437 | Lair:6   | Killed a dire elephant
 17526 | Lair:6   | Noticed a dire elephant
 17534 | Lair:6   | Killed a dire elephant
 17625 | Lair:6   | Noticed a dire elephant
 17625 | Lair:6   | Noticed a dire elephant
 17633 | Lair:6   | Killed a dire elephant
 17643 | Lair:6   | Killed a dire elephant
 18002 | Orc:1    | Entered Level 1 of the Orcish Mines
 18290 | Orc:1    | Noticed an orc warlord
 18315 | Orc:1    | Killed an orc warlord
 18315 | Orc:1    | Reached skill level 20 in Polearms
 18364 | Orc:1    | Reached XP level 15. HP: 113/121 MP: 11/23
 18486 | Orc:2    | Entered Level 2 of the Orcish Mines
 18618 | Orc:2    | Received a gift from Okawaru
 18671 | Orc:2    | Found a staircase to the Elven Halls.
 19296 | Orc:2    | Found Aciuveh's Armour Shop.
 19302 | Orc:2    | Found Idaloo Pobau's Distillery.
 19305 | Orc:2    | Found Aheygumi's Weapon Boutique.
 19307 | Orc:2    | Found Hyejas's Book Shop.
 19417 | Orc:2    | Bought a +0 cloak of magic resistance for 172 gold pieces
 19430 | Orc:2    | Bought a potion of cancellation for 112 gold pieces
 19430 | Orc:2    | Bought a potion of ambrosia for 112 gold pieces
 20620 | D:12     | Received a gift from Okawaru
 20746 | D:12     | Noticed Snorg
 20747 | D:12     | Noticed Rupert
 20758 | D:12     | Killed Rupert
 20758 | D:12     | Reached skill level 21 in Polearms
 20764 | D:12     | Killed Snorg
 21810 | D:13     | Noticed zervinho's ghost (journeyman MiFi)
 21840 | D:13     | Killed zervinho's ghost
 21919 | D:13     | Reached skill level 15 in Dodging
 22052 | D:13     | You fall through a shaft!
 22052 | D:14     | Found a gate to the Vaults.
 22072 | D:14     | Received a gift from Okawaru
 22546 | D:14     | Found a shattered altar of Ashenzari.
 22580 | D:13     | Received a gift from Okawaru
 22724 | D:13     | Got a crystal glaive {god gift}
 22739 | D:13     | Noticed Josephine
 22747 | D:13     | Killed Josephine
 22747 | D:13     | Reached XP level 16. HP: 123/130 MP: 15/24
 22809 | D:13     | Identified the +6 glaive of the Thirteen Hells {venom, Fragile rN+++ Int+5} (Okawaru gifted it to you on level 13 of the Dungeon)
 23271 | D:14     | Noticed Urug
 23286 | D:14     | Killed Urug
 23615 | D:14     | Reached skill level 22 in Polearms
 23674 | D:14     | Found a sparkling altar of Nemelex Xobeh.
 23752 | D:15     | Entered Level 15 of the Dungeon
 24316 | D:15     | Received a gift from Okawaru
 24422 | D:15     | Found a staircase to the Depths.
 25182 | Shoals:1 | Entered Level 1 of the Shoals
 25202 | Shoals:1 | Received a gift from Okawaru
 25848 | Shoals:1 | Received a gift from Okawaru
 25965 | Shoals:1 | Noticed a kraken
 26318 | Shoals:1 | Killed a kraken
 26503 | Shoals:2 | Reached skill level 5 in Shields
 26822 | Shoals:2 | Reached skill level 23 in Polearms
 26872 | Shoals:2 | Reached XP level 17. HP: 139/139 MP: 16/25
 26907 | Shoals:2 | Received a gift from Okawaru
 26910 | Shoals:2 | Got a smoking robe {god gift}
 26940 | Shoals:2 | Identified the +0 robe of the Frog {Regen+ Slay+2} (Okawaru gifted it to you on level 2 of the Shoals)
 27291 | Shoals:3 | Found a frozen archway.
 27306 | IceCv    | Entered an ice cave
 27668 | IceCv    | Noticed an Ice Fiend
 27687 | IceCv    | Killed an Ice Fiend
 27703 | IceCv    | Got a spiked ice dragon armour
 27704 | IceCv    | Identified the +1 ice dragon armour "Osamaete" {rPois rF- rC++} (You found it in an ice cave)
 28650 | Shoals:4 | Entered Level 4 of the Shoals
 29109 | Shoals:4 | Got a barnacled rune of Zot
 29228 | Shoals:4 | Received a gift from Okawaru
 29242 | Shoals:4 | Reached skill level 10 in Armour
 29326 | Shoals:4 | Identified the +0 arbalest of the Special Blessings {elec, rF+ Str+4} (You found it on level 4 of the Shoals)
 29446 | Shoals:4 | Noticed Ilsuiw
 29748 | Shoals:4 | Killed Ilsuiw
 29856 | Shoals:4 | Reached skill level 24 in Polearms
 29867 | Shoals:4 | Received a gift from Okawaru
 29867 | Shoals:4 | Reached XP level 18. HP: 96/147 MP: 21/26
 30846 | Spider:1 | Entered Level 1 of the Spider Nest
 31874 | Spider:2 | Identified the +9 chain mail of Daffodils {rElec Regen+ Int+2} (You found it on level 2 of the Spider Nest)
 32033 | Spider:2 | Noticed Agnes
 32043 | Spider:2 | Killed Agnes
 33221 | Spider:3 | Noticed Roxanne
 33576 | Spider:3 | Reached skill level 15 in Fighting
 33780 | Spider:3 | Noticed Louise
 33790 | Spider:3 | Killed Louise
 33990 | Spider:4 | Entered Level 4 of the Spider Nest
 35446 | Spider:4 | Reached skill level 10 in Shields
 35451 | Spider:4 | Received a gift from Okawaru
 35473 | Spider:4 | Got a gossamer rune of Zot
 35821 | Vaults:1 | Entered Level 1 of the Vaults
 35977 | D:14     | Reached XP level 19. HP: 138/155 MP: 21/27
 36103 | Vaults:1 | Reached skill level 25 in Polearms
 36567 | Vaults:1 | Received a gift from Okawaru
 37725 | Vaults:2 | Received a gift from Okawaru
 38393 | Vaults:2 | Received a gift from Okawaru
 38938 | Vaults:3 | Received a gift from Okawaru
 39162 | Vaults:3 | Reached XP level 20. HP: 136/164 MP: 28/28
 39255 | Vaults:3 | Found Gomaesia's Armour Boutique.
 39337 | Vaults:3 | Reached skill level 26 in Polearms
 39615 | Vaults:3 | Found a staircase to the Crypt.
 39615 | Vaults:3 | Found an ancient bone altar of Kikubaaqudgha.
 39616 | Vaults:3 | Found a basalt altar of Yredelemnul.
 40007 | Vaults:3 | Received a gift from Okawaru
 40183 | Vaults:3 | Identified the +4 trident "Buij" {pierce, Int+4} (Okawaru gifted it to you on level 3 of the Vaults)
 40458 | Vaults:3 | Received a gift from Okawaru
 41417 | Vaults:4 | Received a gift from Okawaru
 41424 | Vaults:4 | Got a pair of smoking gloves {god gift}
 41436 | Vaults:4 | Identified the +0 pair of gloves of Uher Lacw {rF- MR+ Str+2} (Okawaru gifted it to you on level 4 of the Vaults)
 41718 | Vaults:4 | Reached XP level 21. HP: 172/172 MP: 29/29
 42460 | Vaults:4 | Learned a level 2 spell: Swiftness
 42482 | Vaults:5 | Entered Level 5 of the Vaults
 42701 | Depths:1 | Entered Level 1 of the Depths
 42772 | Depths:1 | Found a gateway to Hell.
 43501 | Depths:1 | Received a gift from Okawaru
 43675 | Depths:1 | Found a gateway to a ziggurat.
 44402 | Depths:2 | Reached skill level 15 in Shields
 44647 | Depths:2 | Received a gift from Okawaru
 45053 | Depths:2 | Reached XP level 22. HP: 162/182 MP: 23/30
 45164 | Depths:2 | Got a faintly glowing hat
 45170 | Depths:2 | Identified the +3 hat "Ifiecy" {rN+ MR+} (You acquired it on level 2 of the Depths)
 45421 | Depths:3 | Found a one-way gate leading to the halls of Pandemonium.
 45700 | Depths:3 | Received a gift from Okawaru
 46751 | Depths:4 | Received a gift from Okawaru
 46854 | Depths:4 | Noticed Xtahua
 46924 | Depths:3 | Killed Xtahua
 47263 | Depths:4 | Found a portal to a secret trove of treasure.
 47336 | Depths:4 | Received a gift from Okawaru
 47398 | Depths:4 | Noticed a golden dragon
 47406 | Depths:4 | Killed a golden dragon
 47414 | Depths:4 | Noticed a juggernaut
 47415 | Depths:4 | Noticed a golden dragon
 47415 | Depths:4 | Noticed a golden dragon
 47434 | Depths:4 | Killed a juggernaut
 47434 | Depths:4 | Reached XP level 23. HP: 123/194 MP: 31/31
 47452 | Depths:4 | Killed a golden dragon
 47456 | Depths:4 | Killed a golden dragon
 47879 | Depths:4 | Received a gift from Okawaru
 47894 | Depths:4 | HP: 7/194 [deep troll (14)]
 47894 | Depths:4 | HP: 3/194 [deep troll (4)]
 47895 | Depths:4 | Demolished by a deep troll

Vault maps used:
D:1:      tarquinn_simple_flora_water_a, serial_curves, eino_curves_02,
          eino_curves_01, hangedman_abyss_or_decor_stabs, minmay_misc_feat_tower
D:2:      hangedman_abyss_or_decor_lesser_grid, uniq_crazy_yiuf_cottage,
          uniq_jessica
D:3:      ecumenical_altar_2
D:4:      overflow_temple_1_default, nrook_loot_triangle, uniq_pikel,
          uniq_blork_the_orc, uniq_eustachio
D:5:      gammafunk_temple_overflow_wave, first_bread, minmay_misc_feat_ornament
D:6:      minmay_misc_feat_alley
D:8:      erik_lair_orcish_takeover, david_nohive_1, lightli_church_of_beogh,
          uniq_erolcha, uniq_erica, uniq_psyche
D:9:      kennysheep_mini_moat
D:10:     erik_orc_2, minmay_misc_feat_doors
D:11:     special_room
D:12:     kennysheep_decorative_pillar, uniq_snorg, uniq_rupert
D:13:     minmay_bloctagon, uniq_josephine
D:14:     lightli_vaults_fourway_checkpoint, lemuel_crystal_altar,
          nemelex_diamond_rough_becter, uniq_urug
D:15:     grunt_enter_depths_hoard, grunt_decor_mini_mirrors
Temple:   eino_narrow_crystal_temple
Lair:1:   lemuel_oklob_altar, serial_bayou_shore_a, grunt_megastairs_3,
          infiniplex_staircase_pool
Lair:2:   minmay_shoals_entry_hut, nicolae_spider_entry_tight_spaces,
          grunt_megastairs_1
Lair:3:   grunt_forest_large_clearing_hut, bh_autumn_forest_stairs,
          lemuel_fruit_fields, uniq_sonja, uniq_nergalle
Lair:5:   minivault_29
Lair:6:   due_jungle_book, slime_dummy, uniq_kirke
Shoals:3: portal_ice_cave_entry_frozen_things, nicolae_shoals_dead_sea_scrolls
Shoals:4: shoals_end_grunt_ice, shoal_ilsuiw, nicolae_shoals_loop_pool
Spider:1: nicolae_spider_webbed_stairs
Spider:2: hangedman_spider_tarantella_strand, uniq_agnes
Spider:3: uniq_louise, uniq_roxanne
Spider:4: spider_rune_water
Orc:1:    mines3_lemuel
Orc:2:    st_orc_mages
Vaults:1: nicolae_vaults_fighting_squares, v_misc_15,
          ontoclasm_vaults_ring_small, vaults_room_door_hall,
          nicolae_vaults_circle_grid_a, vaults_dpeg_diagonal,
          nicolae_vaults_bisected_inception, ontoclasm_vaults_chip, v_misc_9
Vaults:2: nicolae_vaults_three_branches, v_alt_pattern_2,
          nicolae_vaults_hallways_thing, vaults_dpeg_encased_lava,
          ontoclasm_vaults_shuriken, grunt_vaults_focal, v_pattern_2,
          nicolae_vaults_puzzle_piece, hangedman_vaults_river_flow,
          vaults_room_octagon, serial_glass
Vaults:3: minmay_crypt_entry_necro_gods, vaults_mumra_chevron,
          nicolae_vaults_big_ls, v_pattern_3, vaults_room_ringed_pool,
          dpeg_vaults_monster_box, vaults_room_door_ring, v_alt_pattern_6,
          v_alt_pattern_1, vaults_room_pools, grunt_vaults_twisty
Vaults:4: grunt_vaults_hallway_long, v_pattern_4, nicolae_vaults_sealed_display,
          hangedman_vaults_nails, vaults_standard_mumra_enter_the_diamond,
          nicolae_vaults_windows_and_doors_thing, hangedman_vaults_capsules,
          nicolae_vaults_shelves_hall
Depths:1: enter_ziggurat_d, serial_bayou, serial_bayou_pond_e,
          serial_bayou_lagoon_a, serial_bayou_shore_b, serial_bayou_pond_b,
          serial_bayou_pond_a, serial_bayou_ford_a,
          pf_vacation_house_of_asmodeus, serial_bayou_shore_b, wad_dig_loot,
          serial_bayou_shore_b
Depths:2: minmay_fractal_lines_corner, hell_entry, grunt_decor_one_mirror
Depths:3: lemuel_firewalk_3, rand_demon_pan_entry_3, hangedman_decor_lopped,
          hell_entry
Depths:4: nicolae_legendary_halls, nicolae_trove_entry_crystal,
          grunt_pan_entry_in_and_out, hangedman_coc_ice_floe, abyss_entry,
          hangedman_decor_clover_reticule, kennysheep_generic_room_14,
          infiniplex_staircase_spiral_double, uniq_xtahua
IceCv:    ice_cave_tombish

Skill      XL: |  1  2  3  4  5  6  7  8  9 10 11 12 13 14 15 16 17 18 19 20 21 22 23 |
---------------+----------------------------------------------------------------------+-----
Polearms       | 5 7 8 10 12 14 15 16 18 20 21 23 24 25 26 | 26.1
Fighting       | 4 5 6 7 8 9 10 11 12 13 14 15 16 17 19 | 19.4
Shields        | 1 2 3 4 5 8 10 11 13 15 | 15.1
Dodging        | 5 6 7 9 10 11 12 14 15 16 17 18 19 20 21 22 | 22.3
Armour         | 2 3 4 5 6 7 8 9 10 11 12 13 | 13.2
Invocations    | 2 6 8 10 | 10.7
Stealth        | |  2.1

Action                   |  1- 3 |  4- 6 |  7- 9 | 10-12 | 13-15 | 16-18 | 19-21 | 22-24 || total
-------------------------+-------+-------+-------+-------+-------+-------+-------+-------++-------
Melee: Spear             |   127 |   283 |    78 |       |       |       |       |       ||   488
       Trident           |       |       |   244 |   333 |   244 |       |       |       ||   821
       Glaive            |       |       |       |   401 |  1108 |  1527 |  1938 |   699 ||  5673
       Tailslap          |       |       |       |     1 |     1 |    45 |    15 |       ||    62
       Demon trident     |       |       |       |       |    51 |   132 |       |       ||   183
Throw: Javelin           |       |       |       |       |       |     9 |       |       ||     9
Invok: Heroism           |       |       |     2 |     1 |    10 |    10 |    12 |     2 ||    37
       Finesse           |       |       |       |     2 |     9 |    13 |     9 |     6 ||    39
Evoke: Wand              |       |       |       |       |       |     3 |     1 |     4 ||     8
  Use: Scroll            |     1 |     7 |     7 |     9 |    10 |    17 |     3 |     4 ||    58
       Potion            |     1 |     2 |       |       |     1 |     4 |     1 |     5 ||    14
 Stab: Sleeping          |     4 |    10 |     8 |    23 |    17 |    17 |       |       ||    79
       Distracted        |       |       |     1 |     2 |     3 |     6 |     1 |       ||    13
  Eat: Chunk             |       |     9 |     7 |    18 |    32 |    41 |    32 |    10 ||   149
       Bread ration      |       |     1 |       |       |       |       |       |       ||     1
       Royal jelly       |       |       |       |     1 |       |       |       |       ||     1
Armor: Robe              |    19 |     3 |       |       |       |       |       |       ||    22
       Ring mail         |       |   111 |    43 |   109 |   213 |   138 |       |       ||   614
       Ice dragon armour |       |       |       |       |       |   227 |       |       ||   227
       Chain mail        |       |       |       |       |       |     2 |   599 |   244 ||   845
Dodge: Dodged            |    78 |   180 |    95 |   419 |   837 |  1290 |  1188 |   463 ||  4550
Block: Buckler           |       |    58 |    40 |    74 |     2 |       |       |       ||   174
       Shield            |       |       |       |       |   115 |    44 |       |       ||   159
